 Dungeon Crawl Stone Soup version 0.18.1-8-gdd0e5ea (webtiles) character file.

42 epen the Insei (level 3, -3/27 HPs)
             Began as a Merfolk Transmuter on May 21, 2016.
             Slain by Crazy Yiuf
             ... wielding a +3 quarterstaff of chaos
              (8 damage)
             ... on level 2 of the Dungeon.
             The game lasted 00:01:38 (1025 turns).

epen the Insei (Merfolk Transmuter)                 Turns: 1025, Time: 00:01:39

Health: -3/27      AC:  2    Str: 10    XL:     3   Next: 54%
Magic:  4/6        EV: 13    Int: 13    God:
Gold:   60         SH:  0    Dex: 14    Spells: 3 memorised, 0 levels left

rFire  . . .     SeeInvis .     g - +1 dagger (venom)
rCold  . . .     Gourm    .     b - +0 robe
rNeg   . . .     Faith    .     (no shield)
rPois  .         Spirit   .     (no helmet)
rElec  .         Dismiss  .     (no cloak)
rCorr  .         Reflect  .     (no gloves)
SustAt .         Harm     .     (no boots)
MR     .....                    (no amulet)
Stlth  +.........               (no ring)
                                (no ring)

@: very slightly contaminated, not resistant to hostile enchantments, very
unstealthy
A: change form in water, swift swim
a: no special abilities


You were on level 2 of the Dungeon.
You were hungry.

You visited 1 branch of the dungeon, and saw 2 of its levels.

You collected 60 gold pieces.

Inventory:

Hand Weapons
 g - a +1 dagger of venom (weapon)
Missiles
 a - 21 arrows
Armour
 b - a +0 robe (worn)
Scrolls
 e - 2 scrolls of identify {unknown}
 f - 2 scrolls of fog {unknown}
Books
 c - a book of Changes

   Spells                             Type                      Level
   a - Beastly Appendage              Transmutation                1
   b - Sticks to Snakes               Transmutation                2
   c - Spider Form                    Transmutation/Poison         3
   d - Ice Form                       Ice/Transmutation            4
   e - Blade Hands                    Transmutation                5
Comestibles
 d - 3 bread rations


   Skills:
 + Level 1.7 Fighting
 + Level 3.1 Dodging
 * Level 3.8 Unarmed Combat
 + Level 2.3 Spellcasting
 * Level 3.2 Transmutations


You couldn't memorise any spells.
You knew the following spells:

 Your Spells              Type           Power        Failure   Level  Hunger
a - Beastly Appendage     Trmt           ##....       10%         1    #......
b - Sticks to Snakes      Trmt           ##......     12%         2    ###....
c - Spider Form           Trmt/Pois      #.........   38%         3    ###....


Dungeon Overview and Level Annotations

Branches:
Dungeon (2/15)

Altars:

Annotations:
D:2 Crazy Yiuf


Message History

Crazy Yiuf cries, "Ice light senile!"
Crazy Yiuf drinks a potion.
Crazy Yiuf goes berserk!
Your ball python bites Crazy Yiuf.
Your ball python constricts Crazy Yiuf.
You hear a shout!
Crazy Yiuf looks more healthy.
Crazy Yiuf rages.
Crazy Yiuf hits you with a quarterstaff of chaos!
* * * LOW HITPOINT WARNING * * *
Crazy Yiuf freezes you.
* * * LOW HITPOINT WARNING * * *
Unknown command.
Drink which item? (? for menu, Esc to quit)
It was a potion of magic.
Magic courses through your body. Crazy Yiuf completely misses you.
You aren't carrying any potions.
Casting: Sticks to Snakes
Confirm with . or Enter, or press ? or * to list all spells.
You create a snake!
You now have 21 arrows.
Crazy Yiuf hits you with a quarterstaff of chaos!
You die...

#.# ###..##### #.#
#.......## #+# #.#.......
#.#.###.## #.#..##.##
#.#..##.##
♣♣♣♣♣############....##.#.
♣♣♣.♣........S..........).'.
♣S.♣......#@########...####.
#....g♣♣♣♣.....g.# ##..# ##
#)..#♣ ♣♣......# ##.# # ###
♣♣####.# #.# #...# #.# #####
#.# ### ### #.# ##.## #.#
#.##### #...## #.# #.....#


You could see Crazy Yiuf (berserk) and a friendly ball python.

Vanquished Creatures
  An adder (D:2)
  A worm (D:2)
  A giant gecko (D:1)
  A ball python (D:2)
  3 bats
  3 giant cockroaches (D:1)
  4 goblins (D:1)
  4 hobgoblins
  2 kobolds
  3 giant newts
  3 rats
26 creatures vanquished.

Notes
Turn   | Place    | Note
--------------------------------------------------------------
     0 | D:1      | epen the Merfolk Transmuter began the quest for the Orb.
     0 | D:1      | Reached XP level 1. HP: 15/15 MP: 3/3
   126 | D:1      | Reached XP level 2. HP: 12/21 MP: 5/5
   832 | D:2      | Reached XP level 3. HP: 24/27 MP: 6/6
   836 | D:2      | Learned a level 2 spell: Sticks to Snakes
   840 | D:2      | Learned a level 3 spell: Spider Form
  1008 | D:2      | Noticed Crazy Yiuf
  1025 | D:2      | Slain by Crazy Yiuf

Skill      XL: |  1  2 |
---------------+-------+-----
Dodging        | 3 |  3.1
Transmutations | 3 |  3.2
Fighting       | |  1.7
Unarmed Combat | |  3.8
Spellcasting   | |  2.3

Action                   || total
-------------------------++-------
Melee: Unarmed           ||    24
       Dagger            ||    61
 Cast: Sticks to Snakes  ||     3
  Use: Potion            ||     1
 Stab: Sleeping          ||     2
Armor: Robe              ||    17
Dodge: Dodged            ||    56
